 Dungeon Crawl Stone Soup version 0.19-a0-1206-g6bcb79c (webtiles) character file.

112 Duffy the Skirmisher (level 4, 0/45 HPs)
             Began as a Naga Wanderer on Aug 21, 2016.
             Slain by a worker ant (1 damage)
             ... on level 4 of the Dungeon.
             The game lasted 00:01:25 (1415 turns).

Duffy the Skirmisher (Naga Wanderer)                Turns: 1415, Time: 00:01:26

Health: 0/45       AC:  4    Str: 16    XL:     4   Next: 93%
Magic:  7/7        EV:  8    Int: 12    God:
Gold:   66         SH:  0    Dex: 10    Spells: 0 memorised, 7 levels left

rFire  . . .     SeeInvis +     g - +0 whip
rCold  . . .     Gourm    +     b - +0 ring mail
rNeg   . . .     Faith    .     (no shield)
rPois  +         Spirit   .     (no helmet)
rElec  .         Dismiss  .     (no cloak)
rCorr  .         Reflect  .     (no gloves)
MR     .....     Harm     .     (no barding)
Stlth  +.........               e - amulet of the gourmand
                                (no ring)
                                (no ring)

@: lethally poisoned (0 -> -5), short of breath, very slow
A: see invisible, deformed body, poison resistance, slowness 2, slow metabolism
1, spit poison 2, AC +1
a: Spit Poison


You were on level 4 of the Dungeon.
You were not hungry.

You visited 1 branch of the dungeon, and saw 5 of its levels.

You collected 66 gold pieces.

Inventory:

Hand Weapons
 c - a +0 club
 g - a +0 whip (weapon)
Armour
 b - a +0 ring mail (worn)
Jewellery
 e - an amulet of the gourmand (around neck)
Wands
 f - a wand of random effects (7/48)
Scrolls
 j - a scroll of amnesia {unknown}
Books
 a - a book of Minor Magic

   Spells                             Type                      Level
   a - Magic Dart                     Conjuration                  1
   b - Blink                          Translocation                2
   c - Call Imp                       Summoning                    2
   d - Repel Missiles                 Charms/Air                   2
   e - Slow                           Hexes                        2
   f - Conjure Flame                  Conjuration/Fire             3
   g - Mephitic Cloud                 Conjuration/Poison/Air       3
Comestibles
 d - 3 bread rations
 h - a meat ration


   Skills:
 + Level 4.5 Fighting
   Level 1.0 Axes
 - Level 1.0 Armour
 - Level 1.5 Stealth
 - Level 2.0 Spellcasting
   Level 3.0 Charms
 - Level 1.0 Evocations


You had 7 spell levels left.
You didn't know any spells.

Dungeon Overview and Level Annotations

Branches:
Dungeon (5/15)
 Temple: D:4-7

Altars:
Ru
Xom


Innate Abilities, Weirdness & Mutations

You cannot wear boots.
Your serpentine skin is tough. (AC +1)
You have supernaturally acute eyesight. (SInv)
Armour fits poorly on your strangely shaped body.
Your system is resistant to poisons. (rPois)
You cover ground very slowly.
You have a slow metabolism.
You can spit poison.


Message History

The water moccasin skeleton bites you.
The water moccasin skeleton barely misses you.
You hit the water moccasin skeleton.
You destroy the water moccasin skeleton!
Your Fighting skill increases to level 4!
Press: ? - help, Shift-Dir - straight line, f - worker ant
Aim: a worker ant The splash of poison misses the worker ant.
You feel slightly more hungry.
The worker ant bites you but does no damage.
You closely miss the worker ant. The worker ant bites you!
You are lethally poisoned!
The worker ant poisons you! The worker ant closely misses you.
You closely miss the worker ant.
You feel sick. The worker ant bites you.
You closely miss the worker ant.
You feel sick. The worker ant barely misses you.
You hit the worker ant.
The worker ant is lightly wounded.
You feel sick. The worker ant bites you.
You die...

###### #....# #.##.#
##################.##.#
......a@.............>#
......############.####
..... #.##### ##.#
#...... # #######


You could see a worker ant.

Vanquished Creatures
  A water moccasin skeleton (D:4)
  A howler monkey (D:3)
  An adder (D:4)
  A worm (D:3)
  2 giant geckos
  3 goblins
  A hobgoblin (D:2)
  A quokka (D:2)
  A kobold (D:3)
12 creatures vanquished.

Vanquished Creatures (others)
  A bat (D:2)
  A kobold (D:2)
2 creatures vanquished.

Grand Total: 14 creatures vanquished

Notes
Turn   | Place    | Note
-------+----------+-------------------------------------------
     0 | D:1      | Duffy the Naga Wanderer began the quest for the Orb.
     0 | D:1      | Duffy set off with: a book of Minor Magic, a +0 ring mail, a +0 club, a bread ration
     0 | D:1      | Reached XP level 1. HP: 18/18 MP: 3/3
   144 | D:2      | Found a shimmering altar of Xom.
   359 | D:3      | Reached skill level 2 in Fighting
   359 | D:3      | Reached XP level 2. HP: 19/26 MP: 5/5
   481 | D:3      | Noticed a howler monkey
   481 | D:3      | a worker ant changed into a howler monkey
   487 | D:3      | Killed a howler monkey
   487 | D:3      | Reached skill level 3 in Fighting
   487 | D:3      | Reached XP level 3. HP: 10/34 MP: 6/6
   700 | D:3      | Found a sacrificial altar of Ru.
   992 | D:4      | Reached XP level 4. HP: 17/44 MP: 7/7
  1364 | D:5      | Entered Level 5 of the Dungeon
  1410 | D:4      | Reached skill level 4 in Fighting
  1414 | D:4      | HP: 2/45 [poisoned by a worker ant]
  1415 | D:4      | Slain by a worker ant

Vault maps used:
D:1:      dpeg_arrival_long_road
D:2:      xom_butterflies, dk_noncrumbling_2, lemuel_old_faithful
D:3:      hangedman_ru_absence
D:4:      first_bread
D:5:      zin_scriptorium

Skill      XL: |  1  2  3  4 |
---------------+-------------+-----
Fighting       | 2 3 4 |  4.5
Axes           | |  1.0
Armour         | |  1.0
Stealth        | |  1.5
Spellcasting   | |  2.0
Charms         | |  3.0
Evocations     | |  1.0

Action                   |  1- 3 |  4- 6 || total
-------------------------+-------+-------++-------
Melee: Club              |    15 |       ||    15
       Whip              |    29 |    33 ||    62
 Abil: Spit Poison       |    11 |     1 ||    12
Evoke: Wand              |     5 |       ||     5
 Stab: Paralysed         |     1 |       ||     1
  Eat: Chunk             |     1 |     3 ||     4
Armor: Ring mail         |    14 |     9 ||    23
Dodge: Dodged            |    12 |    18 ||    30
